 Dungeon Crawl Stone Soup version 0.23.2-40-g277498a001 (webtiles) character file.

Game seed: 13271139013310797077

2778 Exodus22XD the Cleaver (level 9, -2/81 HPs)
             Began as a Deep Dwarf Fighter on Sept 5, 2019.
             Was an Initiate of Makhleb.
             Killed by divine providence
             ... invoked by a daeva
             ... created by the Shining One
              (13 damage)
             ... on level 7 of the Dungeon.
             The game lasted 00:14:54 (5509 turns).

Exodus22XD the Cleaver (Deep Dwarf Fighter)         Turns: 5509, Time: 00:14:54

Health: -2/81      AC: 13    Str: 24    XL:     9   Next: 42%
Magic:  7/7        EV:  8    Int:  4    God:    Makhleb [......]
Gold:   316        SH: 11    Dex: 12    Spells: 8/8 levels left

rFire    + + .     SeeInvis .   C - +2 broad axe (vamp)
rCold    . . .     Gourm    .   c - +0 shield
rNeg     + . .     Faith    .   e - +0 chain mail
rPois    .         Spirit   .   j - +0 helmet
rElec    .         Reflect  .   H - scarf {repulsion}
rCorr    .         Harm     .   (no gloves)
MR       +....                  q - +0 pair of boots of Analysis {*Contam rF++ Regen+ Int-4}
Stlth    ..........             (no amulet)
HPRegen  0.00/turn              v - ring of positive energy
MPRegen  0.10/turn              (no ring)

@: non-regenerating, repel missiles
A: damage resistance, heal wounds, sense surroundings 2, no regeneration
a: Heal Wounds, Renounce Religion


You were on level 7 of the Dungeon.
You worshipped Makhleb.
Makhleb was noncommittal.
You were not hungry.

You visited 2 branches of the dungeon, and saw 8 of its levels.

You collected 316 gold pieces.

Inventory:

Hand Weapons
 C - a +2 vampiric broad axe (weapon)
Armour
 c - a +0 shield (worn)
 e - a +0 chain mail (worn)
 j - a +0 helmet (worn)
 q - the +0 pair of boots of Analysis (worn) {*Contam rF++ Regen+ Int-4}
   (You found it on level 4 of the Dungeon)

   It affects your intelligence (-4).
   It greatly protects you from fire.
   It causes magical contamination when unequipped.
   It increases your rate of regeneration.
 H - a scarf of repulsion (worn)
Jewellery
 v - a ring of positive energy (left hand)
Wands
 a - a wand of flame (10)
 w - a wand of polymorph (18)
 E - a wand of disintegration (8)
 J - a wand of digging (8)
Scrolls
 i - a scroll of immolation
 k - 8 scrolls of teleportation
 l - 2 scrolls of blinking
 m - a scroll of identify
 p - 2 scrolls of magic mapping
 r - 2 scrolls of enchant weapon
 u - 2 scrolls of remove curse
 y - 2 scrolls of fear {unknown}
 B - a scroll of fog {unknown}
 I - a scroll of enchant armour
Potions
 b - a potion of agility
 d - 2 potions of might
 g - 2 potions of berserk rage {unknown}
 h - a potion of haste {unknown}
 n - 7 potions of curing {unknown}
 o - 5 potions of flight
 t - a potion of mutation {unknown}
 x - a potion of lignification {unknown}
 z - 3 potions of heal wounds {unknown}
 A - 2 potions of brilliance {unknown}
 F - a potion of degeneration {unknown}
 G - a potion of invisibility {unknown}
Comestibles
 f - 8 rations


   Skills:
 + Level 5.1 Fighting
 + Level 10.0 Axes
 + Level 7.0 Armour
 + Level 2.7 Dodging
 - Level 0.3 Stealth
 + Level 6.4 Shields


You had 8 spell levels left.
You didn't know any spells.
Your spell library was empty.

Dungeon Overview and Level Annotations

Branches:
Dungeon (7/15)             Temple (1/1) D:6

Altars:
Ashenzari
Cheibriados
Dithmenos
Elyvilon
Fedhas
Gozag
Hepliaklqana
Kikubaaqudgha
Makhleb
Nemelex Xobeh
Okawaru
Qazlal
Ru
Sif Muna
Trog
Uskayaw
Vehumet
Wu Jian
Xom
Yredelemnul
Zin
The Shining One

Annotations:
D:5 OrcJesus's ghost, novice SpEn


Innate Abilities, Weirdness & Mutations

You are resistant to damage.
You can heal yourself by infusing magical energy.
You passively map the area around you.
You do not regenerate.


Message History

The daeva calls down the wrath of the Shining One upon you.
The Shining One smites you!
You feel much better.
The daeva calls down the wrath of the Shining One upon you.
The Shining One smites you!
Press: ? - help, v - describe, . - travel
Here: a daeva, wielding a +2 eudemon blade of holy wrath and wearing a +0 large shield (durably summoned, haloed)
The floor.
The daeva calls down the wrath of the Shining One upon you.
The Shining One smites you!
* * * LOW HITPOINT WARNING * * *
Found 2 smoky sapphire potions.
The daeva calls down the wrath of the Shining One upon you.
The Shining One smites you!
* * * LOW HITPOINT WARNING * * *
n - 7 smoky sapphire potions (gained 2)
The daeva is too close now for your liking.
The daeva calls down the wrath of the Shining One upon you.
The Shining One smites you!
You die...

#......###.# *.#.# #.##.. *
##.....# #.# *.#.# #.##.# *
###...# #.# ##.#.# #.##.# ,#
##.## #A###....# #.##.##.##.# #A#
#.....#..# #.##.##....,, #.#
#####...## #.##.##..# # #.#
##.#####.##.##..#.#* #.#
#..................
#####A##########@#######.##..####
.............# #.# #....)...#
###.########.# #.# ##.##)##.. #.
##.###.# #.##.# # * # * #...##.##
#.##)# # * * #....A#.# #..<.####
* * #..^##.## ###...... *,
######## #.##### , ** * * * #.# #


You could see a daeva.

Vanquished Creatures
  Grinder (D:3)
  Edmund (D:6)
  Duvessa (D:5)
  An orc warrior (D:4)
  A sky beast (D:5)
  4 ogres
  2 centaurs
  Dowan (D:5)
  2 scorpions
  9 killer bees
  2 howler monkeys (D:6)
  2 crimson imps
  A bullfrog zombie (D:5)
  2 jellies
  2 orc priests (D:3)
  3 orc wizards (D:4)
  A centaur skeleton (D:4)
  4 hounds
  11 worker ants
  3 iguanas
  A hound skeleton (D:4)
  8 gnolls
  8 adders
  A shadow imp (D:6)
  An ooze (D:7)
  2 adder skeletons
  2 worms (D:4)
  A dart slug (D:3)
  4 leopard geckos
  25 orcs
  6 giant cockroaches
  4 goblins
  7 hobgoblins
  5 kobolds
  2 quokkas
  6 bats
  2 frilled lizards
  6 rats
145 creatures vanquished.

Notes
Turn   | Place    | Note
-------+----------+-------------------------------------------
     0 | D:1      | Exodus22XD the Deep Dwarf Fighter began the quest for the
                  | Orb.
     0 | D:1      | Reached XP level 1. HP: 20/20 MP: 1/1
   256 | D:1      | Reached XP level 2. HP: 27/27 MP: 2/2
   958 | D:2      | Reached XP level 3. HP: 19/33 MP: 3/3
  1193 | D:2      | Reached skill level 3 in Axes
  1924 | D:3      | Noticed Grinder
  1934 | D:3      | HP: 1/34 [Grinder/nerve-wracking pain (11)]
  2038 | D:3      | Paralysed by Grinder for 6 turns
  2047 | D:3      | Paralysed by Grinder for 2 turns
  2060 | D:3      | Killed Grinder
  2060 | D:3      | Reached skill level 4 in Axes
  2060 | D:3      | Reached skill level 1 in Dodging
  2060 | D:3      | Reached XP level 4. HP: 25/42 MP: 3/3
  2060 | D:3      | Reached XP level 5. HP: 29/49 MP: 4/4
  2216 | D:3      | Found a shattered altar of Ashenzari.
  2220 | D:3      | Reached XP level 6. HP: 33/56 MP: 5/5
  2909 | D:3      | Reached skill level 5 in Axes
  3114 | D:4      | Reached skill level 5 in Armour
  3203 | D:4      | Reached XP level 7. HP: 59/62 MP: 5/5
  3241 | D:4      | Reached skill level 6 in Axes
  3360 | D:4      | Reached skill level 5 in Shields
  3462 | D:4      | Reached XP level 8. HP: 57/72 MP: 6/6
  3500 | D:4      | Got a pair of scorched boots
  3506 | D:4      | Identified the +0 pair of boots of Analysis {*Contam rF++
                  | Regen+ Int-4} (You found it on level 4 of the Dungeon)
  3577 | D:4      | Reached skill level 7 in Axes
  3923 | D:5      | Entered Level 5 of the Dungeon
  3923 | D:5      | Noticed Duvessa
  3923 | D:5      | Noticed Dowan
  3929 | D:5      | Killed Duvessa
  3932 | D:5      | Killed Dowan
  4029 | D:5      | Found a runed translucent gate.
  4031 | D:5      | Found a runed translucent gate.
  4042 | D:5      | Reached skill level 8 in Axes
  4160 | D:5      | Found a runed translucent gate.
  4160 | D:5      | Noticed OrcJesus's ghost (novice SpEn)
  4226 | D:5      | Reached skill level 9 in Axes
  4232 | D:5      | Gained mutation: You passively map the area around you.
                  | [Deep Dwarf growth]
  4232 | D:5      | Reached XP level 9. HP: 80/80 MP: 7/7
  4318 | D:6      | Noticed Edmund
  4337 | D:6      | Killed Edmund
  4549 | D:6      | Reached skill level 5 in Fighting
  4878 | D:6      | Found a staircase to the Ecumenical Temple.
  4888 | Temple   | Entered the Ecumenical Temple
  4932 | Temple   | Became a worshipper of the Shining One
  5294 | Temple   | Fell from the grace of the Shining One
  5294 | Temple   | Became a worshipper of Makhleb the Destroyer
  5432 | D:7      | Reached skill level 10 in Axes
  5470 | D:7      | Noticed a daeva
  5509 | D:7      | Killed from afar by a daeva

Skill      XL: |  1  2  3  4  5  6  7  8  9 |
---------------+----------------------------+-----
Axes           | 4 5 6 9 10 | 10.0
Fighting       | 3 4 5 |  5.1
Armour         | 4 5 6 7 |  7.0
Dodging        | 1 2 |  2.7
Shields        | 4 5 6 |  6.4
Stealth        | |  0.3

Action                   |  1- 3 |  4- 6 |  7- 9 || total
-------------------------+-------+-------+-------++-------
Melee: War axe           |    98 |    94 |       ||   192
       Unarmed           |    11 |       |       ||    11
       Broad axe         |       |    46 |   267 ||   313
 Abil: Heal Wounds       |     4 |     1 |     5 ||    10
  Use: Scroll            |       |       |    10 ||    10
  Eat: Chunk             |     4 |     2 |     5 ||    11
       Ration            |       |     2 |     1 ||     3
Armor: Chain mail        |    44 |   106 |   148 ||   298
Dodge: Dodged            |    28 |    40 |   101 ||   169
       Deflected         |       |       |     1 ||     1
Block: Shield            |    50 |    83 |   184 ||   317
